 Dungeon Crawl Stone Soup version 0.32-a0-913-g739538a (webtiles) character file.

Game seed: 12028742345225422522

155 selexin the Changeling (level 5, -3/33 HPs)
             Began as an Octopode Shapeshifter on Apr 8, 2024.
             Splashed by a jelly's acid (8 damage)
             ... on level 3 of the Dungeon.
             The game lasted 00:04:22 (1841 turns).

selexin the Changeling (Octopode Shapeshifter)      Turns: 1841, Time: 00:04:23

Health: -3/33      AC:  1    Str: 16    XL:     5   Next: 37%
Magic:  5/5        EV: 11    Int: 12    God:
Gold:   107        SH:  3    Dex: 11    Spells: 4/4 levels left

rFire   . .          .
                       - Unarmed
rCold   + . .        h - +0 buckler
rNeg    . . .        (helmet currently unavailable)
rPois   .            (no amulet)
rElec   .            l - ring of protection from cold
rCorr   .            (no ring)
SInv    .            (no ring)
Will    .....        (no ring)
Stlth   +++          (no ring)
HPRegen 0.25/turn    (no ring)
MPRegen 0.09/turn    (no ring)
                     (no ring)

%: no passive effects
@: beast-form
A: beast (slay +2), almost no armour, amphibious, 8 rings, camouflage 1,
gelatinous body 1, (nimble swimmer 1), tentacles
a: Begin Untransformation


You were on level 3 of the Dungeon.
You were a hulking beast.
You visited 1 branch of the dungeon, and saw 3 of its levels.

You collected 107 gold pieces.

Inventory:

Armour
 h - a +0 buckler (worn)
Jewellery
 l - a ring of protection from cold (left tentacle)
 n - an amulet of faith
Talismans
 b - a beast talisman (active)
 c - a flux talisman
Scrolls
 d - 3 scrolls of fear
 e - 2 scrolls of teleportation
 m - a scroll of revelation {unknown}
 o - a scroll of poison {unknown}
Potions
 a - a potion of lignification
 f - a potion of ambrosia {unknown}
 g - 2 potions of attraction {unknown}
 i - a potion of haste {unknown}
 j - 2 potions of degeneration {unknown}
 k - a potion of might {unknown}


   Skills:
 + Level 1.0 Fighting
 + Level 2.3 Dodging
 + Level 3.6 Stealth
 + Level 3.4 Unarmed Combat
 * Level 4.4 Shapeshifting


You had 4 spell levels left.
You didn't know any spells.
Your spell library was empty.

Dungeon Overview and Level Annotations

Branches:
Dungeon (3/15)

Altars:
Xom


Innate Abilities, Weirdness & Mutations

You are a hulking beast.
Your limbs bulge with bestial killing power. (Slay +2)
You cannot wear most types of armour.
You are amphibious.
You can wear up to eight rings at the same time.
Your skin changes colour to match your surroundings (Stealth+).
Your rubbery body absorbs attacks. (AC +1, EV +1)
((You are camouflaged when in or above water. (Stealth+)))
You have tentacles for arms and can constrict up to eight enemies at once.


Message History

You kill the kobold!
No target in view!
No target in view!
Found an amulet of faith.
No target in view!
No target in view!
No target in view!
A goblin comes into view. It is wielding a +0 short sword.
Found a stone staircase leading up.
A goblin is nearby!
Natasha, Servant of Life and Death comes into view.
A jelly comes into view.
The goblin shouts!
Natasha hisses angrily.
You hear a shout!
Natasha claws you!
You tentacle-slap Natasha. Your grab misses Natasha.
Natasha is heavily wounded.
Natasha misses you.
You barely miss Natasha. Your grab misses Natasha. You squeeze Natasha.
Natasha is almost dead.
An orc comes into view. It is wielding a +0 short sword.
You block Natasha's attack.
You tentacle-slap Natasha.
You kill Natasha!
You feel Natasha's spirit has finally been put to rest.
The goblin hits you with a +0 short sword.
You block the jelly's attack.
You barely miss the jelly. You tentacle-slap the jelly!
The jelly is heavily wounded.
The goblin hits you with a +0 short sword.
The jelly hits you but does no damage.
You bludgeon the jelly!
Your tentacles burn!
The jelly is almost dead.
The goblin closely misses you. The jelly hits you.
You are splashed with acid!
* * * LOW HITPOINT WARNING * * *
You are too injured to fight recklessly!
You are too injured to fight recklessly!
You block the goblin's attack. The jelly hits you.
* * * LOW HITPOINT WARNING * * *
You are splashed with acid!
You die...

#.##.# #)##.#
####.##.#
#.......#
#.##.####
#.##.# #.##)#
# #.##.#
#####.#h##.##
......J.g...#
#####.†o###.#
....... .
##....... .#
#...####..
..... ...
###.. '...#
#. ..#


You could see a jelly, an orc and a goblin.

Vanquished Creatures
  Natasha (thrice) (D:3)
  4 adders
  A ribbon worm (D:2)
  5 bats
  3 endoplasms
  5 goblins
  5 hobgoblins
  4 quokkas
  3 ball pythons
  A frilled lizard (D:1)
  6 kobolds
  7 rats
  A spectral kobold (D:1)
48 creatures vanquished.

Notes
Turn   | Place    | Note
-------+----------+-------------------------------------------
     0 | D:1      | selexin the Octopode Shapeshifter began the quest for the
                  | Orb.
     0 | D:1      | Reached XP level 1. HP: 13/13 MP: 1/1
   129 | D:1      | Reached XP level 2. HP: 16/18 MP: 2/2
   336 | D:1      | Found a faded altar of an unknown god.
   353 | D:1      | Reached skill level 1 in Stealth
   820 | D:2      | Reached XP level 3. HP: 5/23 MP: 3/3
   821 | D:2      | HP: 1/23 [kobold/+0 short sword (2)]
  1109 | D:2      | Found a shimmering altar of Xom.
  1492 | D:2      | Reached skill level 4 in Shapeshifting
  1492 | D:2      | Reached XP level 4. HP: 28/28 MP: 4/4
  1575 | D:3      | Noticed Natasha
  1583 | D:3      | Killed Natasha
  1615 | D:3      | Noticed Natasha
  1621 | D:3      | Killed Natasha
  1622 | D:3      | Reached XP level 5. HP: 19/33 MP: 5/5
  1832 | D:3      | Noticed Natasha
  1838 | D:3      | Killed Natasha
  1841 | D:3      | Splashed by a jelly's acid

Illustrated notes

Levels and vault maps discovered:
D:1:      kennysheep_arrival_forest, layout_basic,
          dreamdust_ecumenical_altar_drowned_temple, st_stairs_13,
          minmay_pentomino_q2
D:2:      layout_basic, basic_altar, minmay_misc_feat_enclosed
D:3:      layout_loops_ring, serial_shops, shop, serial_glass, glass_columns_a,
          glass_columns_b, due_unseen_surprise, feat_on_display,
          ebering_ghost_sewer_d, corexii_shack, uniq_natasha

Skill      XL: |  1  2  3  4 |
---------------+-------------+-----
Stealth        | 1 3 |  3.6
Shapeshifting  | 4 |  4.4
Fighting       | |  1.0
Dodging        | |  2.3
Unarmed Combat | |  3.4

Action                     |  1- 3 |  4- 6 || total
---------------------------+-------+-------++-------
  Melee: Unarmed           |    55 |    28 ||    83
         Punch             |     3 |     3 ||     6
         Constrict         |    17 |     7 ||    24
         Tentacles         |     8 |     4 ||    12
    Use: Scroll            |     3 |       ||     3
         Potion            |     1 |       ||     1
   Stab: Sleeping          |    12 |     7 ||    19
 Armour: Skin              |    20 |    15 ||    35
  Dodge: Dodged            |    20 |     6 ||    26
  Block: Buckler           |     4 |     4 ||     8
         Form:             |     1 |       ||     1
         Beast             |     1 |       ||     1

Table legend: (Time is in decaauts)
 A = Elapsed time spent in this place.
 B = Non-inter-level travel time spent in this place.
 C = Inter-level travel time spent in this place.
 D = Time resting spent in this place.
 E = Time spent auto-exploring this place.
 F = Levels seen in this place.
 G = Mean time per level.
                   A        B        C        D        E       F      G
               +--------+--------+--------+--------+--------+-----+--------+
         Total |   1838 |   1757 |     81 |      3 |   1440 |   3 |  612.7 |
       Dungeon |   1838 |   1757 |     81 |      3 |   1440 |   3 |  612.7 |
               +--------+--------+--------+--------+--------+-----+--------+

Top non-repeatable levels by time:
     D:2: 836 daAuts
     D:1: 718 daAuts
     D:3: 284 daAuts
